Map: Frost LE

Players

blackxored - Winner!

  • Race: Zerg Zerg
  • League: Diamond

GrossKamil

  • Race: Zerg Zerg
  • League: Platinum

VOD

Have the link to the VOD?

Description

Time

  • Played on: June 30, 2016, 2:39 p.m.
  • Length: 8:22
Show
View Real Time Build Order
Export as new Build Order

blackxored Zerg - Winner!

Build Orders: Hatch First, Zergling Baneling 

Get SALT Encoding   

  12  0:01  Drone  
  13  0:10  Drone  
  14  0:18  Overlord  
  14  0:24  Extractor, Drone  
  15  0:41  Drone  
  15  0:42  Drone  
  17  0:57  Hatchery  
  17  1:00  Drone  
  17  1:02  Drone  
  18  1:16  Extractor  
  18  1:17  Spawning Pool  
  16  1:22  Drone  
  16  1:23  Drone  
  18  1:27  Drone  
  19  1:39  Overlord  
  19  1:49  Drone  
  20  2:02  Drone  
  20  2:05  Queen  
  23  2:09  Queen  
  23  2:10  Zergling x4  
  27  2:16  Metabolic Boost  
  27  2:38  Zergling x6  
  30  2:45  Hatchery  
  29  2:53  Baneling Nest  
  29  2:54  Drone  
  29  3:09  Drone x4  
  33  3:26  Drone x3  
  36  3:28  Overlord x2  
  36  3:46  Drone x5  
  39  3:53  Zergling x2  
  39  3:54  Zergling x2  
  41  3:58  Baneling  
  41  3:59  Zergling x2, Baneling x3  
  41  4:00  Zergling x6  
  45  4:06  Zergling x6  
  48  4:12  Lair  
  48  4:16  Zergling x2  
  50  4:17  Zergling x4  
  50  4:20  Baneling x2  
  51  4:29  Baneling  
  51  4:30  Baneling  
  49  4:33  Drone x6  
  49  4:34  Drone  
  49  4:36  Extractor  
  55  4:38  Extractor  
  55  4:39  Drone  
  55  4:40  Extractor  
  55  4:41  Drone  
  55  4:42  Drone  
  55  4:44  Drone  
  57  4:48  Drone  
  58  4:57  Overlord  
  58  4:58  Overlord  
  58  5:07  Overlord x2  
  58  5:15  Queen  
  58  5:17  Spire, Drone  
  60  5:22  Overseer  
  60  5:34  Drone x10  
  70  5:37  Overlord  
  69  5:44  Baneling x5  
  69  5:54  Drone x3  
  72  5:58  Extractor  
  72  5:59  Extractor  
  72  6:00  Drone x2  
  71  6:04  Zergling x12  
  71  6:05  Zergling x4  
  71  6:10  Zergling x4  
  76  6:26  Zergling x12  
  76  6:30  Mutalisk x2  
  85  6:35  Queen  
  85  6:39  Mutalisk  
  86  6:40  Mutalisk  
  84  6:47  Zergling x10  
  87  6:54  Drone x3  
  90  7:06  Overlord x3  
  90  7:13  Infestation Pit  
  89  7:24  Queen  
  88  7:30  Hatchery  
  82  7:41  Mutalisk x2  
  82  7:42  Mutalisk x7  
  82  7:43  Mutalisk x2  
  99  7:48  Drone x3  
  99  7:49  Drone  
  99  7:51  Drone  
  99  7:52  Drone  
  101  8:05  Zergling x2  
Show
View Real Time Build Order
Export as new Build Order

GrossKamil Zerg 

Build Orders: Hatch First 

Get SALT Encoding   

  12  0:02  Drone  
  13  0:09  Drone  
  14  0:17  Overlord  
  14  0:27  Extractor  
  13  0:28  Drone  
  13  0:29  Extractor  
  13  0:30  Drone  
  16  0:36  Drone  
  17  0:57  Hatchery  
  17  0:59  Drone  
  17  1:07  Drone  
  17  1:11  Extractor  
  17  1:20  Drone, Spawning Pool  
  17  1:23  Drone  
  18  1:30  Drone  
  19  1:40  Overlord  
  19  1:55  Drone  
  20  2:03  Drone  
  20  2:07  Queen  
  23  2:09  Queen  
  23  2:10  Zergling x2  
  26  2:19  Metabolic Boost  
  26  2:22  Drone x2  
  28  2:24  Drone  
  29  2:33  Overlord, Drone  
  30  2:45  Zergling x2  
  30  2:49  Queen  
  33  2:55  Overlord  
  33  2:56  Baneling Nest, Drone x2  
  33  3:03  Zergling x2  
  34  3:08  Drone  
  35  3:17  Zergling x2  
  36  3:24  Drone x5  
  36  3:25  Drone  
  42  3:45  Hatchery  
  41  3:50  Overlord  
  41  3:51  Zergling x10  
  41  3:52  Zergling x4  
  48  4:04  Extractor  
  48  4:06  Extractor  
  48  4:08  Roach Warren  
  45  4:11  Drone  
  45  4:12  Drone x4  
  50  4:21  Lair  
  50  4:25  Drone x2  
  42  4:33  Drone x2  
  42  4:34  Drone  
  42  4:35  Zergling x4  
  42  4:36  Zergling x2  
  48  4:42  Spine Crawler  
  48  4:44  Zergling x4  
  50  4:52  Overlord  
  50  5:03  Overlord  
  50  5:15  Overlord  
  50  5:16  Hatchery  
  50  5:18  Roach  
  50  5:19  Roach x4  
  59  5:23  Drone, Evolution Chamber  
  59  5:30  Baneling  
  59  5:46  Overlord  
  59  5:48  Roach x3  
  59  5:49  Roach x4  
  73  6:06  Roach x4  
  73  6:09  Glial Reconstitution  
  81  6:18  Overlord  
  76  6:38  Spore Crawler  
  51  6:54  Roach  
  51  6:55  Roach x13  
  64  7:52  Roach x3  
  64  7:53  Roach x17  
  104  8:01  Drone  
Tags
 
Add a new tag
Caveats
  • Supply blocks, unpowered buildings, or Contaminate may cause inaccurate times.
  • Supply counts are checked every 10 seconds.